 Dungeon Crawl Stone Soup version 0.27-a0-1200-g94dc6ad4cf (webtiles) character file.

Game seed: 1052442045255276589

167 Lanoc the Grasshopper (level 5, -2/36 HPs)
             Began as an Octopode Warper on June 1, 2021.
             Was a Believer of Elyvilon.
             Slain by an orc
             ... wielding a +0 hand axe
              (7 damage)
             ... on level 3 of the Dungeon.
             The game lasted 00:02:53 (2505 turns).

Lanoc the Grasshopper (Octopode Warper)             Turns: 2505, Time: 00:02:54

Health: -2/36      AC:  1    Str: 11    XL:     5   Next: 48%
Magic:  8/8        EV: 14    Int: 16    God:    Elyvilon [**....]
Gold:   105        SH:  0    Dex: 17    Spells: 8/8 levels left

rFire    . . .     SeeInvis .   i - +2 spear (freeze)
rCold    . . .     Faith    .   (no shield)
rNeg     . . .     Spirit   .   (helmet restricted)
rPois    .         Reflect  .   (no amulet)
rElec    .         Harm     .   j - +6 ring of dexterity
rCorr    .         Rampage  .   (no ring)
Will     .....                  (no ring)
Stlth    +++.......             (no ring)
HPRegen  0.12/turn              (no ring)
MPRegen  0.11/turn              (no ring)
                                (no ring)
                                (no ring)

@: no status effects
A: almost no armour, amphibious, 8 rings, camouflage 1, gelatinous body 1,
(nimble swimmer 1), tentacles
a: Renounce Religion, Lesser Healing, Heal Other, Divine Protection


You were on level 3 of the Dungeon.
You worshipped Elyvilon.
Elyvilon was pleased with you.
You visited 1 branch of the dungeon, and saw 3 of its levels.

You collected 105 gold pieces.

Inventory:

Hand Weapons
 i - a +2 spear of freezing (weapon)
Missiles
 b - a throwing net
 d - 5 boomerangs of dispersal (quivered)
Jewellery
 j - a +6 ring of dexterity (left tentacle)
Scrolls
 a - a scroll of acquirement {unknown}
 c - a scroll of blinking
 g - 2 scrolls of enchant armour {unknown}
 h - a scroll of teleportation {unknown}
Potions
 e - a potion of haste {unknown}
 f - a potion of invisibility {unknown}
 k - a potion of flight {unknown}


   Skills:
 + Level 3.0 Fighting
 - Level 2.0 Polearms
 - Level 1.0 Throwing
 + Level 3.3 Dodging
 - Level 2.0 Spellcasting
 * Level 4.4 Translocations
 + Level 1.9 Invocations


You had 8 spell levels left.
You didn't know any spells.
Your spell library contained the following spells:

 Spells                   Type           Power      Damage    Failure   Level
 Blink                    Tloc           N/A        N/A       4%          2
 Gell's Gravitas          Tloc           7%         N/A       10%         3
 Lesser Beckoning         Tloc           7%         N/A       10%         3
 Teleport Other           Tloc           15%        N/A       10%         3
 Manifold Assault         Tloc           15%        N/A       67%         5


Dungeon Overview and Level Annotations

Branches:
Dungeon (3/15)

Altars:
Elyvilon

Shops:
D:2 [


Innate Abilities, Weirdness & Mutations

You cannot wear most types of armour.
You are amphibious.
You can wear up to eight rings at the same time.
Your skin changes colour to match your surroundings (Stealth+).
Your rubbery body absorbs attacks. (AC +1, EV +1)
((You are camouflaged near water. (Stealth+)))
You have tentacles for arms and can constrict up to eight enemies at once.


Message History

You reach to attack!
You hit the orc but do no damage. Something barely misses you.
You reach to attack!
You hit the orc but do no damage. Something hits you.
You are too injured to fight recklessly!
You are too injured to fight recklessly!
You hit something. You freeze something. Your squeeze misses something.
Something hits you.
You barely miss something. Your squeeze misses something. Something hits you.
You miss something. You squeeze something. Something hits you.
* * * LOW HITPOINT WARNING * * *
You miss something. You squeeze something!
Reactivating autopickup.
You feel a bit more experienced.
Your Fighting skill increases to level 3!
You barely miss the orc. Your grab misses the orc. You squeeze the orc.
The orc is heavily wounded.
The orc closely misses you.
You closely miss the orc. You grab the orc.
You squeeze the orc, but do no damage.
The orc is heavily wounded.
You constrict the orc, but do no damage.
The orc barely misses you.
You hit the orc but do no damage.
The orc is heavily wounded.
You constrict the orc. The orc barely misses you.
You hit the orc but do no damage.
The orc is heavily wounded.
You constrict the orc. The orc hits you with a +0 club.
* * * LOW HITPOINT WARNING * * *
You hit the orc. You freeze the orc.
You kill the orc!
You barely miss the orc. You grab the orc.
You constrict the orc, but do no damage.
The orc hits you with a +0 hand axe.
* * * LOW HITPOINT WARNING * * *
You hit the orc. You freeze the orc.
The orc is heavily wounded.
You constrict the orc, but do no damage.
The orc hits you with a +0 hand axe!
You die...

####.......#
#......#####
#.###### #.#
#.# #.#
##.#####
######......#
#...o@.####..#
#...#### #
#...# #...#
#...# #...#
#...# #...##
#...#


You could see an orc.

Vanquished Creatures
  Natasha (thrice) (D:2)
  An orc wizard (D:3)
  An adder (D:2)
  3 worms (D:2)
  4 orcs (D:3)
  5 endoplasms
  2 giant cockroaches (D:1)
  A goblin (D:1)
  5 hobgoblins
  2 kobolds
  3 quokkas
  7 ball pythons
  4 bats (D:2)
  2 frilled lizards
  5 rats
48 creatures vanquished.

Vanquished Creatures (others)
  A plant (D:2)
1 creature vanquished.

Grand Total: 49 creatures vanquished

Notes
Turn   | Place    | Note
-------+----------+-------------------------------------------
     0 | D:1      | Lanoc the Octopode Warper began the quest for the Orb.
     0 | D:1      | Reached XP level 1. HP: 14/14 MP: 3/3
   249 | D:1      | Reached XP level 2. HP: 5/19 MP: 5/5
   554 | D:1      | Found a faded altar of an unknown god.
   568 | D:1      | Became a worshipper of Elyvilon the Healer
   568 | D:1      | Reached * piety under Elyvilon
  1013 | D:2      | Reached XP level 3. HP: 25/25 MP: 6/6
  1111 | D:2      | Reached ** piety under Elyvilon
  1257 | D:2      | Found Xaasolymm's Antique Armour Shop.
  1385 | D:2      | Noticed Natasha
  1395 | D:2      | Killed Natasha
  1396 | D:2      | Reached skill level 1 in Invocations
  1396 | D:2      | Reached XP level 4. HP: 17/30 MP: 7/7
  1532 | D:2      | Reached skill level 4 in Translocations
  1846 | D:2      | Noticed Natasha
  1852 | D:2      | Killed Natasha
  2034 | D:2      | Noticed Natasha
  2043 | D:2      | Killed Natasha
  2044 | D:2      | Reached XP level 5. HP: 5/36 MP: 8/8
  2505 | D:3      | Slain by an orc

Illustrated notes

Levels and vault maps discovered:
D:1:      nicolae_arrival_memento_mori, layout_loops_cross,
          ebering_ecumenical_altar_box
D:2:      layout_rooms, serial_shops, nicolae_shop_overgrown_old_shop,
          nrook_campfire, hex_medium, minmay_octomino_c4, uniq_natasha
D:3:      kb_forest_paths, layout_loops_cross, serial_co_window_serial,
          co_window_cross_1, co_window_paths_b, co_window_of_opportunity_a,
          co_window_paths_a, co_window_corner_a, co_window_paths_a,
          co_window_broadway_a, co_window_paths_c, co_window_2corner,
          co_window_broadway_c, co_window_paths_e, glass_columns_b,
          corexii_leaking_fountain

Skill      XL: |  1  2  3  4  5 |
---------------+----------------+-----
Invocations    | 1 |  1.9
Dodging        | 3 |  3.3
Translocations | 4 |  4.4
Fighting       | 3 |  3.0
Polearms       | |  2.0
Throwing       | |  1.0
Spellcasting   | |  2.0

Action                   |  1- 3 |  4- 6 || total
-------------------------+-------+-------++-------
Melee: Spear             |    87 |    53 ||   140
       Constrict         |    17 |    10 ||    27
       Tentacles         |     8 |     8 ||    16
 Stab: Sleeping          |    10 |     2 ||    12
Armor: Skin              |     4 |     3 ||     7
Dodge: Dodged            |    28 |    23 ||    51

Table legend: (Time is in decaauts)
 A = Elapsed time spent in this place.
 B = Non-inter-level travel time spent in this place.
 C = Inter-level travel time spent in this place.
 D = Time resting spent in this place.
 E = Time spent auto-exploring this place.
 F = Levels seen in this place.
 G = Mean time per level.
                   A        B        C        D        E       F      G
               +--------+--------+--------+--------+--------+-----+--------+
         Total |   2515 |   2450 |     65 |      0 |   2148 |   3 |  838.3 |
       Dungeon |   2515 |   2450 |     65 |      0 |   2148 |   3 |  838.3 |
               +--------+--------+--------+--------+--------+-----+--------+

Top non-repeatable levels by time:
     D:2: 1389 daAuts
     D:1: 995 daAuts
     D:3: 130 daAuts
